 Dungeon Crawl Stone Soup version 0.27.0-1-g7a089689b8 (webtiles) character file.

Game seed: 1923571481843174456

32 SnakkuSnakku7 the Charlatan (level 3, 0/27 HPs)
             Began as a Djinni Artificer on Aug 15, 2021.
             Slain by a goblin (3 damage)
             ... led by Robin
             ... on level 2 of the Dungeon.
             The game lasted 00:01:56 (1192 turns).

SnakkuSnakku7 the Charlatan (Djinni Artificer)      Turns: 1192, Time: 00:01:57

Health: 0/27       AC:  3    Str: 11    XL:     3   Next: 42%
Gold:   53         EV: 11    Int: 13    God:
                   SH:  0    Dex: 13

rFire    + + .     SeeInvis .   a - +0 club
rCold    x . .     Faith    .   (no shield)
rNeg     . . .     Spirit   .   b - +0 leather armour
rPois    ∞         Reflect  .   (no helmet)
rElec    .         Harm     .   (no cloak)
rCorr    .         Rampage  .   (no gloves)
Will     .....                  (boots unavailable)
Stlth    +.........             (no amulet)
HPRegen  0.09/turn              (no ring)
MPRegen  0.00/turn              (no ring)

@: flying
A: sickness immunity, fire resistance 2, cold vulnerability 1, float, innate
caster, hp casting, extra vitality 1
a: no special abilities


You were on level 2 of the Dungeon.
You visited 1 branch of the dungeon, and saw 2 of its levels.

You collected 53 gold pieces.

Inventory:

Hand Weapons
 a - a +0 club (weapon)
Armour
 b - a +0 leather armour (worn)
Wands
 c - a wand of flame (10)
 d - a wand of charming (15)
Scrolls
 g - a scroll of identify {unknown}
 h - a scroll of noise {unknown}
Potions
 f - a potion of lignification {unknown}
Miscellaneous
 e - a piece from Xom's chessboard (15/15)


   Skills:
 - Level 1.0 Fighting
 - Level 1.0 Armour
 - Level 2.1 Dodging
 - Level 0.7 Stealth
 + Level 2.0 Spellcasting
 - Level 3.0 Evocations


You had 5 spell levels left.
You knew the following spells:

 Your Spells              Type           Power      Damage    Failure   Level
a - Shock                 Conj/Air       24%        1d4       14%         1
Your spell library was empty.

Dungeon Overview and Level Annotations

Branches:
Dungeon (2/15)

Altars:

Annotations:
D:2 Robin


Innate Abilities, Weirdness & Mutations

You are immune to sickness and miasma.
You are immune to poison.
Your flesh is very heat resistant. (rF++)
You are vulnerable to cold. (rC-)
You float through the air rather than walking.
You learn spells naturally, not from books.
Your magical power is your life essence.
You have superior vitality. (+4 HP)


Message History

Unknown command.
Aiming: Shock (safe; 14% risk of failure)
Press: ? - help, Q - select action, (/) - cycle Shift-Dir - straight line The zap hits Robin.
Robin is lightly wounded.
The zap misses Robin.
The zap misses the hobgoblin.
Robin hits you with a +5 spectral club!
* * * LOW HITPOINT WARNING * * *
Unknown command.
Aiming: Shock (safe; 14% risk of failure)
Press: ? - help, Q - select action, (/) - cycle Shift-Dir - straight line The zap misses Robin.
The zap hits Robin.
Robin is lightly wounded.
The zap hits the hobgoblin.
The hobgoblin is heavily wounded.
* * * LOW HITPOINT WARNING * * *
Unknown command.
Aiming: Shock (safe; 14% risk of failure)
Press: ? - help, Q - select action, (/) - cycle Shift-Dir - straight line
Okay, then.
A goblin and a hobgoblin come into view.
The goblin shouts!
The hobgoblin shouts!
The goblin shouts!
You hear a shout!
The goblin hits you with a +0 club.
* * * LOW HITPOINT WARNING * * *
Aiming: Shock (safe; 14% risk of failure)
Press: ? - help, Q - select action, (/) - cycle Shift-Dir - straight line
Okay, then.
The goblin hits you with a +0 club.
* * * LOW HITPOINT WARNING * * *
A goblin comes into view. It is wielding a +0 club.
Robin roars a battlecry!
The goblins go into a battle-frenzy!
The goblin closely misses you. The dart slug launches a dart at you.
The slug dart misses you. Robin throws the goblin at you!
You barely miss the goblin. The goblin hits you with a +0 club.
* * * LOW HITPOINT WARNING * * *
The goblin misses you. The goblin hits you with a +0 club.
You die...

..........# ####
#..........###........#####...
.......)................g....
#..#.#......#.##.....#####...
#........ #....#.w..g.###....
#g#.#.. .#....#........)....
.......##. #..##.....###...
#.#.l#...#g###..#...[..#####
#...<..#...@ggg.gg.###....##
....##.#..#....g.........!.....
. #.#.......g..#########..g.
#.#.....###### ##... ........#
#.... ..##...... ....#..
##....#.... #####.. ........!.
#.. ###


You could see Robin, 2 hobgoblins and 5 goblins.

Vanquished Creatures
  2 dart slugs (D:1)
  A bat (D:2)
  3 endoplasms (D:1)
  3 giant cockroaches (D:1)
  5 goblins
  A kobold (D:1)
  2 quokkas (D:1)
  A ball python (D:1)
  3 frilled lizards
  5 rats
26 creatures vanquished.

Vanquished Creatures (others)
  A plant (D:1)
1 creature vanquished.

Grand Total: 27 creatures vanquished

Notes
Turn   | Place    | Note
-------+----------+-------------------------------------------
     0 | D:1      | SnakkuSnakku7 the Djinni Artificer began the quest for the
                  | Orb.
     0 | D:1      | Reached XP level 1. HP: 17/17 MP: 0/0
   181 | D:1      | Reached skill level 1 in Spellcasting
   181 | D:1      | Reached XP level 2. HP: 19/22 MP: 0/0
   695 | D:1      | Reached XP level 3. HP: 27/27 MP: 0/0
   695 | D:1      | Learned a level 1 spell: Shock
  1149 | D:2      | Noticed Robin
  1192 | D:2      | Slain by a goblin

Illustrated notes

Levels and vault maps discovered:
D:1:      eino_arrival_druids_welcome, layout_basic, serial_curves,
          eino_curves_03, eino_curves_04, eino_curves_03, eino_curves_03
D:2:      layout_rooms, serial_glass, glass_columns_a, glass_columns_b,
          glass_columns_b, glass_columns_a, glass_columns_c, glass_columns_a,
          dreamdust_ecumenical_altar_sealed_demon, uniq_terence, uniq_natasha,
          uniq_robin, uniq_jessica

Skill      XL: |  1  2  3 |
---------------+----------+-----
Spellcasting   | 1 2 |  2.0
Fighting       | |  1.0
Armour         | |  1.0
Dodging        | |  2.1
Stealth        | |  0.7
Evocations     | |  3.0

Action                   || total
-------------------------++-------
Melee: Club              ||    88
 Cast: Shock             ||    16
Evoke: Wand              ||     5
 Stab: Sleeping          ||     1
Armor: Leather armour    ||    39
Dodge: Dodged            ||    69
